[Event "*** Titled Tuesday Blitz"]
[Site "Chess.com"]
[Date "2020.05.19"]
[Round "6"]
[White "LimeInTheCoconut"]
[Black "Lagmantr"]
[Result "0-1"]
[WhiteElo "2502"]
[BlackElo "2675"]
[TimeControl "180+1"]
[EndTime "13:08:08 PDT"]
[Termination "Lagmantr won on time"]

1. d4 d5 2. c4 e6 3. Nc3 c6 4. Nf3 dxc4 5. a4 Bb4 6. e4 b5 7.
Bd2 a5 8. axb5 Bxc3 9. bxc3 cxb5 10. Be2 Nf6 11. e5 Nd5 12. O-O Nc6 13. Qb1 Rb8 14. Qe4 Ba6 15. Qg4 g6 16. Ng5 b4 17. Ne4 bxc3 18.
Nd6+ Kf8 19. Bh6+ Kg8 20. Bf3 f5 21. Qg3 Nxd4 22. Rad1 Qb6 23. Bxd5 Ne2+ 24. Kh1 Nxg3+ 0-1

[Event "*** Titled Tuesday Blitz"]
[Site "Chess.com"]
[Date "2020.05.19"]
[Round "6"]
[White "GukeshDommaraju"]
[Black "BulletMercenary"]
[Result "1-0"]
[WhiteElo "2674"]
[BlackElo "2120"]
[TimeControl "180+1"]
[EndTime "13:08:08 PDT"]
[Termination "GukeshDommaraju won on time"]

1. e4 e6 2. d4 d5 3. Nc3 Bb4 4. e5 c5 5. a3 cxd4 6. axb4 dxc3 7. bxc3 Qc7 8. Nf3 Nd7 9. Qd4 Ne7 10. Bb5 O-O 11. Bxd7 Bxd7 12. O-O Bb5 13. Re1 Nf5 14. Qd2 Rfc8 15. Bb2 Qc4 16. Rac1 a5 17. h3 a4 18. g4 a3 19. Ba1 Ne7 20. Nd4 Nc6 21. Nb3 Ba4 22.
Nc5 b6 23. Nd3 Bb5 24. f4 Rd8 25. f5 d4 26. f6 dxc3 27. Qg5 Qd4+ 28. Kh2 Kf8 29.
Qxg7+ Ke8 30. Qg8+ Kd7 31. Qxf7+ Kc8 32. Qxe6+ Kb7 33.
Qf5 Bxd3 34. cxd3 Nxb4 35. e6 Nxd3 36. e7 Re8 37. f7 Nxe1 38. Bxc3 Qd6+ 39. Kg1 1-0

[Event "*** Titled Tuesday Blitz"]
[Site "Chess.com"]
[Date "2020.05.19"]
[Round "6"]
[White "Jospem"]
[Black "SamuelGhimpu2003"]
[Result "1-0"]
[WhiteElo "2817"]
[BlackElo "2597"]
[TimeControl "180+1"]
[EndTime "13:08:09 PDT"]
[Termination "Jospem won by resignation"]

1. Nf3 Nf6 2. c4 g6 3. g3 Bg7 4. Bg2 c6 5. O-O d5 6. b3 O-O 7. Bb2 Bf5 8. d3 Nbd7 9. Nbd2 Re8 10. Qc2 e5 11. e4 dxe4 12. dxe4 Bg4 13. b4 h6 14. h3 Be6 15. Rfd1 Qc7 16. a3 a5 17. Bc3 axb4 18. axb4 Nh5 19. Bf1 c5 20. b5 f5 21. Nh4 f4 22. g4 Nhf6 23. Nxg6 h5 24. g5 Nh7 25. Nf3 Bf7 26. Rxa8 Rxa8 27. Ne7+ Kf8 28.
Nd5 Qd8 29. h4 Be6 30. Be2 Kf7 31. Qb2 Qb8 32. b6 Bxd5 33. cxd5 Nhf8 34. d6 Ng6 35.
Qb3+ Kf8 36. Bb5 Qd8 37. Qe6 Nxb6 38. Qxg6 1-0

[Event "*** Titled Tuesday Blitz"]
[Site "Chess.com"]
[Date "2020.05.19"]
[Round "6"]
[White "DenishevM"]
[Black "GadimbayliA"]
[Result "0-1"]
[WhiteElo "2536"]
[BlackElo "2828"]
[TimeControl "180+1"]
[EndTime "13:08:10 PDT"]
[Termination "GadimbayliA won on time"]

1. Nf3 d5 2. g3 Nc6 3. d4 Bg4 4. Bg2 Qd7 5. h3 Bxf3 6. Bxf3 O-O-O 7. Bg2 f6 8. O-O g5 9. c3 h5 10. Nd2 e6 11. e4 Nh6 12. exd5 exd5 13. b4 Bd6 14. Nb3 Rdg8 15. Re1 Ne7 16. Nc5 Bxc5 17. bxc5 f5 18. Rb1 h4 19. gxh4 gxh4 20. Bf4 Ng6 21. Bg5 Ne5 22. Bxh6 Rxh6 23. Rxe5 Rhg6 24. Qf3 Qg7 25.
Kf1 Rxg2 26. Qxf5+ Kb8 27. Ke2 Rf8 28. c6 b6 0-1

[Event "*** Titled Tuesday Blitz"]
[Site "Chess.com"]
[Date "2020.05.19"]
[Round "6"]
[White "Bigfish1995"]
[Black "StephenDedalus83"]
[Result "1-0"]
[WhiteElo "2996"]
[BlackElo "2764"]
[TimeControl "180+1"]
[EndTime "13:08:11 PDT"]
[Termination "Bigfish1995 won by resignation"]

1. d4 g6 2. e4 Bg7 3. Nf3 d6 4.
h3 Nd7 5. Nc3 a6 6. a4 b6 7. Bc4 e6 8. Qe2 Bb7 9. Bg5 Ne7 10. h4 h6 11. Be3 c5 12. h5 g5 13.
O-O-O Qc7 14. d5 e5 15. g4 Nf6 16. Nh2 Bc8 17. Kd2 Qb7 18. Ra1 Bd7 19. Rhb1 O-O 20. b4 Qc8 21. bxc5 bxc5 22. f3 Ne8 23. a5 Bf6 24.
Rb6 Qc7 25. Bxa6 Nc8 26. Rb7 Qd8 27. Bb5 Bxb5 28. Qxb5 Ra7 29. Rxa7 Nxa7 30. Qb7 Qc7 31. a6 Bd8 32. Nf1 f6 33. Ng3 Rf7 34. Qxc7 Bxc7 35. Nf5 Kh7 36. Kd3 Ng7 37. Rb1 Nxf5 38. exf5 Ba5 39.
Ne4 Kg7 40. Nxd6 Rd7 41. Rb7 1-0

[Event "*** Titled Tuesday Blitz"]
[Site "Chess.com"]
[Date "2020.05.19"]
[Round "6"]
[White "BlackBoarder"]
[Black "adricalderon8"]
[Result "1/2-1/2"]
[WhiteElo "2598"]
[BlackElo "2436"]
[TimeControl "180+1"]
[EndTime "13:08:11 PDT"]
[Termination "Game drawn by repetition"]

1. e4 c5 2. Nf3 Nc6 3. Bb5 g6 4.
Bxc6 dxc6 5. d3 Bg7 6. Nc3 Nf6 7.
Be3 Nd7 8. Qd2 h6 9. O-O b6 10. a4 a5 11. Rae1 e5 12. h3 Nf8 13. Nh2 Ne6 14. Ne2 g5 15. Ng3 Nf4 16. Nf5 Bxf5 17. exf5 O-O 18. g3 Nd5 19. Qe2 f6 20. Bd2 Ra7 21.
Kh1 Rd7 22. f4 exf4 23. gxf4 Re7 24. Qf3 Rxe1 25. Rxe1 Re8 26. Rg1 Nb4 27. Bxb4 axb4 28. Qxc6 Re2 29. Rg2 Re1+ 30. Rg1 Rxg1+ 31. Kxg1 Qd4+ 32.
Kh1 Qxb2 33. Qe8+ Kh7 34. Qg6+ Kg8 35. Qe8+ Bf8 36. Qg6+ Bg7 37. Qe8+ 1/2-1/2

[Event "*** Titled Tuesday Blitz"]
[Site "Chess.com"]
[Date "2020.05.19"]
[Round "6"]
[White "NIGWAPO"]
[Black "grunbergmihai"]
[Result "0-1"]
[WhiteElo "2551"]
[BlackElo "2419"]
[TimeControl "180+1"]
[EndTime "13:08:12 PDT"]
[Termination "grunbergmihai won by checkmate"]

1. e4 Nf6 2. e5 Nd5 3. c4 Nb6 4. d4 d6 5. exd6 cxd6 6. Nc3 g6 7. Be3 Bg7 8. Bd3 O-O 9. Nge2 Nc6 10. O-O e5 11. d5 Ne7 12. Rc1 f5 13. f3 Nd7 14. b4 a5 15. a3 axb4 16. axb4 Nf6 17. c5 Kh8 18. Bc4 e4 19. Nf4 exf3 20. Qxf3 Ng4 21. cxd6 Qxd6 22. Bc5 Qd8 23. d6 Nc6 24.
Ne6 Bxe6 25. Bxe6 Ra3 26. d7 Bd4+ 27. Kh1 Bxc5 28. bxc5 Nd4 29. Qg3 Nxe6 30. Qd6 Ra6 31. Qd5 Rc6 32. Nb5 Nf6 33. Qe5 Qxd7 34. Rfd1 Qg7 35. Rd6 Ng4 36. Qxe6 Rxc5 37. Rf1 Rxb5 38. Rd7 Qe5 39. Qc4 Qxh2# 0-1

[Event "*** Titled Tuesday Blitz"]
[Site "Chess.com"]
[Date "2020.05.19"]
[Round "6"]
[White "kleopl"]
[Black "Shushik"]
[Result "1-0"]
[WhiteElo "2371"]
[BlackElo "2102"]
[TimeControl "180+1"]
[EndTime "13:08:12 PDT"]
[Termination "kleopl won by resignation"]

1. c4 e6 2. Nc3 d5 3. d4 Be7 4.
Nf3 Nf6 5. cxd5 exd5 6. Bg5 O-O 7. e3 Nbd7 8. Bd3 c5 9. O-O Re8 10. Rc1 b6 11. dxc5 bxc5 12. Bb5 Bb7 13. Rc2 a6 14. Ba4 Rf8 15. Rd2 Nb6 16. Bb3 c4 17. Bc2 Qc7 18.
Na4 Nxa4 19. Bxa4 Ne4 20. Bxe7 Qxe7 21. Rd4 Rfd8 22. Bc2 Nc5 23. Qe1 Re8 24. Qc3 Rad8 25. Rfd1 Ne6 26. R4d2 Nc5 27. Nd4 Ne4 28. Bxe4 Qxe4 29.
Qb4 Ba8 30. b3 Rb8 31. Qa4 c3 32. Rc2 Rec8 33. Rdc1 Bb7 34. Qa3 Qd3 35. Qa5 Rc7 36. Qxc7 1-0

[Event "*** Titled Tuesday Blitz"]
[Site "Chess.com"]
[Date "2020.05.19"]
[Round "6"]
[White "pastouche06"]
[Black "icychess54"]
[Result "1-0"]
[WhiteElo "2428"]
[BlackElo "2256"]
[TimeControl "180+1"]
[EndTime "13:08:13 PDT"]
[Termination "pastouche06 won by checkmate"]

1. d4 d5 2. c4 c6 3. Nf3 Nf6 4. e3 e6 5. b3 Nbd7 6. Bb2 Be7 7. Bd3 O-O 8. O-O b6 9. Nc3 Bb7 10. Qe2 Re8 11. Rfd1 Bd6 12. e4 dxe4 13. Nxe4 Nxe4 14. Qxe4 g6 15. Ne5 Qc7 16. Qe3 Rad8 17. Ng4 Bf4 18. Qh3 h5 19. Ne3 c5 20. d5 Bxe3 21.
Qxe3 exd5 22. Qh6 Ne5 23. f4 dxc4 24. Bxc4 Qc6 25. Bf1 f6 26. fxe5 fxe5 27. Rxd8 Rxd8 28. Bxe5 Re8 29. Qg7# 1-0

[Event "*** Titled Tuesday Blitz"]
[Site "Chess.com"]
[Date "2020.05.19"]
[Round "6"]
[White "froylanajedrez"]
[Black "Paul66666"]
[Result "0-1"]
[WhiteElo "2345"]
[BlackElo "2601"]
[TimeControl "180+1"]
[EndTime "13:08:14 PDT"]
[Termination "Paul66666 won by checkmate"]

1. d4 Nf6 2. c4 g6 3. Nc3 Bg7 4. e4 d6 5. f3 O-O 6. Be3 b6 7. Qd2 c5 8. d5 a6 9. h4 h5 10.
a4 e6 11. Nh3 exd5 12. cxd5 Bxh3 13. Rxh3 Nbd7 14. Be2 Ne5 15. Bg5 b5 16. axb5 axb5 17. Rxa8 Qxa8 18. Nxb5 Rb8 19. Kf2 Qa1 20. Qc1 Qa2 21.
Rh1 c4 22. Nxd6 Rxb2 23. Re1 Nd3+ 24. Kf1 Nxc1 25. Bxc1 Rb1 26. Nxc4 Nd7 27. Nd2 Rxc1 28. Rxc1 Qxd2 29. Rc7 Bd4 30. g4 hxg4 31. fxg4 Ne5 32. h5 Qe3 33. Ke1 Nf3+ 34. Kd1 Qd2# 0-1

[Event "*** Titled Tuesday Blitz"]
[Site "Chess.com"]
[Date "2020.05.19"]
[Round "6"]
[White "MikeKorovin"]
[Black "GMHess"]
[Result "1-0"]
[WhiteElo "2646"]
[BlackElo "2798"]
[TimeControl "180+1"]
[EndTime "13:08:16 PDT"]
[Termination "MikeKorovin won on time"]

1. Nf3 g6 2. e4 Bg7 3. d4 d6 4.
Nc3 c6 5. Be3 b5 6. Bd3 Nd7 7.
Qd2 Qc7 8. a4 b4 9. Ne2 Rb8 10.
Ng3 h5 11. Rd1 Ngf6 12. O-O Ng4 13. Bg5 h4 14. Bxh4 c5 15. h3 Nh6 16. e5 dxe5 17.
dxe5 c4 18. e6 cxd3 19. exd7+ Bxd7 20. Rfe1 e6 21. Qxd3 Bxa4 22. b3 Bb5 23. Qe3 O-O 24.
Bg5 Nf5 25. Nxf5 exf5 26. Bf4 Qxc2 27. Bxb8 Rxb8 28. Nd4 Qc5 29. Nxb5 Rxb5 30. Qe8+ Bf8 31. Rd7 1-0

[Event "*** Titled Tuesday Blitz"]
[Site "Chess.com"]
[Date "2020.05.19"]
[Round "6"]
[White "Mirzaad786"]
[Black "valeriocarnicelli"]
[Result "0-1"]
[WhiteElo "2273"]
[BlackElo "2552"]
[TimeControl "180+1"]
[EndTime "13:08:16 PDT"]
[Termination "valeriocarnicelli won by checkmate"]

1. d4 Nf6 2. Bf4 g6 3. c3 Bg7 4. e3 O-O 5. Nf3 d6 6. Nbd2 b6 7. Bc4 Bb7 8. O-O Nbd7 9. h3 Ne4 10. Nxe4 Bxe4 11. Ng5 Bb7 12. Qb3 e6 13. Bxe6 fxe6 14. Nxe6 Qe7 15. Nxc7+ Kh8 16. Nxa8 Bxa8 17. Qa3 g5 18.
Bxd6 Qe4 19. f3 Qxe3+ 20. Kh2 Rxf3 21. gxf3 Bxf3 22. Bg3 Bf8 23. Qa4 Bd6 24. Rxf3 Qe2+ 25. Rf2 Qxf2+ 26. Kh1 Bxg3 27. Qc6 Qh2# 0-1

[Event "*** Titled Tuesday Blitz"]
[Site "Chess.com"]
[Date "2020.05.19"]
[Round "6"]
[White "Zq1"]
[Black "VaKukl"]
[Result "1/2-1/2"]
[WhiteElo "2516"]
[BlackElo "2373"]
[TimeControl "180+1"]
[EndTime "13:08:16 PDT"]
[Termination "Game drawn by repetition"]

1. d4 Nf6 2. c4 c5 3. Nf3 cxd4 4. Nxd4 Nc6 5. Nc3 g6 6. e4 Nxd4 7. Qxd4 d6 8. Be3 Bg7 9. f3 O-O 10. Qd2 Qa5 11. Rc1 Be6 12. b3 Rfc8 13. Be2 a6 14.
Na4 Qxd2+ 15. Kxd2 Rab8 16. Nb6 Rd8 17. g4 Nd7 18.
Nd5 Kf8 19. h4 Ne5 20. h5 Nc6 21. hxg6 hxg6 22. Rh7 Bxd5 23. exd5 Nd4 24. Rch1 Nxe2 25. Kxe2 Kg8 26. R7h3 b5 27. Rc1 Rdc8 28. Bg5 bxc4 29. Rxc4 Rxc4 30. bxc4 Rb2+ 31. Kd3 f6 32. Be3 Rxa2 33.
Rh1 Ra3+ 34. Kd2 Rb3 35. Ra1 Rb4 36. Kd3 Rb3+ 37. Kd2 Rb4 38. Kd3 Rb3+ 39. Kd2 1/2-1/2

[Event "*** Titled Tuesday Blitz"]
[Site "Chess.com"]
[Date "2020.05.19"]
[Round "6"]
[White "fodorpoti"]
[Black "SerGo055"]
[Result "1-0"]
[WhiteElo "2763"]
[BlackElo "2577"]
[TimeControl "180+1"]
[EndTime "13:08:17 PDT"]
[Termination "fodorpoti won by checkmate"]

1. d4 d5 2. c4 c6 3. Nc3 Nf6 4.
cxd5 cxd5 5. Bf4 e6 6. e3 Bd6 7. Bxd6 Qxd6 8. f4 O-O 9. Nf3 b6 10. Ne5 Ne4 11. Bd3 Nxc3 12. bxc3 Ba6 13. O-O Bxd3 14. Qxd3 Nd7 15. c4 dxc4 16. Nxc4 Qe7 17. e4 Rfd8 18. Rac1 Rac8 19. Rfd1 Qb4 20. Qb3 Qe7 21.
g3 h6 22. Kg2 Nf6 23. e5 Nd5 24. Nd6 Rxc1 25. Rxc1 g5 26. f5 Qd7 27. Qf3 Rf8 28.
h4 f6 29. hxg5 fxg5 30. Rf1 Qc6 31. Kh2 exf5 32. Qh5 Ne7 33. Qxh6 Qc2+ 34. Kg1 Qd2 35. Qe6+ Kg7 36. Qxe7+ Kg8 37. Qe6+ Kg7 38. Nxf5+ Kh8 39. Qh6+ Kg8 40. Qg7# 1-0

[Event "*** Titled Tuesday Blitz"]
[Site "Chess.com"]
[Date "2020.05.19"]
[Round "6"]
[White "Escanor89"]
[Black "Tacticusbd"]
[Result "1-0"]
[WhiteElo "2576"]
[BlackElo "2403"]
[TimeControl "180+1"]
[EndTime "13:08:19 PDT"]
[Termination "Escanor89 won on time"]

1. c4 e5 2. Nc3 Nf6 3. Nf3 Nc6 4. e3 d5 5. cxd5 Nxd5 6. Bb5 Nxc3 7. bxc3 Bd6 8. d4 exd4 9. cxd4 O-O 10. O-O Bg4 11.
Be2 Qf6 12. Bb2 Rfe8 13. Rc1 a5 14. Re1 Nb4 15. a3 Nd5 16. Nd2 Bxe2 17. Rxe2 Qh6 18. Nf1 c6 19. e4 Nf4 20. Re3 Bc7 21. Qf3 Rad8 22. Rb3 Rb8 23. Rd1 Qg5 24. Bc1 Qh4 25.
Ng3 g6 26. Be3 h5 27. Rdb1 b6 28. Rc1 1-0

[Event "*** Titled Tuesday Blitz"]
[Site "Chess.com"]
[Date "2020.05.19"]
[Round "6"]
[White "sari07"]
[Black "garicradomir"]
[Result "1-0"]
[WhiteElo "2453"]
[BlackElo "2288"]
[TimeControl "180+1"]
[EndTime "13:08:19 PDT"]
[Termination "sari07 won by resignation"]

1. d4 Nf6 2. c4 c5 3. d5 g6 4. Nc3 d6 5. e4 Bg7 6. Bd3 O-O 7. Nge2 e5 8. O-O Ng4 9. f3 Nh6 10. Be3 f5 11. a3 f4 12. Bf2 Nf7 13. b4 b6 14. Rb1 Nd7 15. Bc2 h5 16. Ba4 g5 17. Bxd7 Bxd7 18. a4 g4 19. Kh1 Bf6 20. a5 Bh4 21. Bg1 Ng5 22. g3 Nxf3 23. gxh4 Qxh4 24.
Rf2 Rac8 25. axb6 axb6 26. bxc5 bxc5 27. Rb7 Rf7 28. Rg2 Nxg1 29. Nxg1 f3 30. Nxf3 Rxf3 31.
Qxf3 Qe1+ 32. Rg1 Qxg1+ 33. Kxg1 gxf3 34. Rxd7 1-0

[Event "*** Titled Tuesday Blitz"]
[Site "Chess.com"]
[Date "2020.05.19"]
[Round "6"]
[White "guillembaches"]
[Black "CMS13"]
[Result "1-0"]
[WhiteElo "2408"]
[BlackElo "2191"]
[TimeControl "180+1"]
[EndTime "13:08:20 PDT"]
[Termination "guillembaches won by resignation"]

1. e4 e5 2. Nf3 Nc6 3. Nc3 Nf6 4. d4 exd4 5. Nxd4 Bc5 6. Be3 Bb6 7. Qd2 d6 8. O-O-O O-O 9. f3 h6 10. g4 Nd7 11. g5 h5 12. g6 fxg6 13. Ne6 Qf6 14. Nxf8 Nxf8 15. f4 Be6 16. Nd5 Bxd5 17. Qxd5+ Kh7 18.
Bxb6 axb6 19. f5 Nb4 20. fxg6+ Qxg6 21. Qf5 Nxa2+ 22. Kb1 Nb4 23. Rg1 Qxf5 24. exf5 Nd7 25. Re1 Ne5 26. Be2 h4 27. Rg5 Kg8 28. Reg1 g6 29.
fxg6 Rf8 30. g7 Rf2 31. Bg4 Nxg4 32. R5xg4 Nxc2 33. Rxh4 1-0

[Event "*** Titled Tuesday Blitz"]
[Site "Chess.com"]
[Date "2020.05.19"]
[Round "6"]
[White "SaySpade4VIP"]
[Black "VojtechPlat"]
[Result "0-1"]
[WhiteElo "2692"]
[BlackElo "2897"]
[TimeControl "180+1"]
[EndTime "13:08:21 PDT"]
[Termination "VojtechPlat won by resignation"]

1. d4 d5 2. Bf4 Nc6 3. e3 g6 4. h4 Bg7 5. h5 e5 6. dxe5 Nxe5 7. Nc3 c6 8. Nf3 Nxf3+ 9. Qxf3 Ne7 10.
hxg6 Nxg6 11. Bd3 Be6 12. Ne2 Qb6 13. O-O O-O 14. Ng3 Nxf4 15. exf4 f5 16. Rae1 Rae8 17. Qh5 Bf7 18. Qxf5 Bg6 19. Qd7 Rxe1 20. Rxe1 Rxf4 21. Re8+ Bxe8 22. Qxe8+ Rf8 23. Qh5 Qxf2+ 24. Kh2 Rf6 25. Qxh7+ Kf8 26. Nh5 Qh4+ 27. Kg1 Rf7 28. Nxg7 Qxh7 29.
Ne6+ Ke7 30. Bxh7 Rxh7 31. Nc5 Kd6 32. Nd3 Rf7 33. g3 c5 34. Kg2 c4 35. Nf4 d4 36.
Kf3 Ke5 37. g4 Rxf4+ 0-1

[Event "*** Titled Tuesday Blitz"]
[Site "Chess.com"]
[Date "2020.05.19"]
[Round "6"]
[White "MYMChessAcademy"]
[Black "AnonymousBread"]
[Result "1-0"]
[WhiteElo "2378"]
[BlackElo "2560"]
[TimeControl "180+1"]
[EndTime "13:08:21 PDT"]
[Termination "MYMChessAcademy won by resignation"]

1. e4 e5 2. Nf3 Nc6 3. Bc4 Bc5 4. d3 Nf6 5. c3 d6 6. a4 a6 7. O-O h6 8. Re1 O-O 9. d4 exd4 10.
cxd4 Bb6 11. Nc3 Bg4 12. Be3 Bxf3 13. gxf3 Kh8 14. Kh1 Ne7 15. e5 Nd7 16. f4 Nf5 17. Qg4 Nxd4 18. Rg1 g6 19. e6 Nf6 20. Qh4 Nf5 21.
Qh3 Bxe3 22. fxe3 d5 23. Bd3 fxe6 24. Rxg6 Nh7 25. Rxe6 d4 26. Bxf5 Rf6 27. Rxf6 Qxf6 28.
Ne4 Qc6 29. Rg1 Re8 30. Qg2 1-0

[Event "*** Titled Tuesday Blitz"]
[Site "Chess.com"]
[Date "2020.05.19"]
[Round "6"]
[White "Tapuah"]
[Black "BogdanDeac"]
[Result "1-0"]
[WhiteElo "2803"]
[BlackElo "2975"]
[TimeControl "180+1"]
[EndTime "13:08:24 PDT"]
[Termination "Tapuah won by resignation"]

1. e4 e5 2. Nf3 Nc6 3. Bb5 Nf6 4. d3 Bc5 5. c3 d5 6. Nbd2 dxe4 7. dxe4 O-O 8. O-O a5 9. Qe2 Qe7 10. Ba4 Nb8 11. Nc4 Nbd7 12. Bg5 c6 13. Bc2 h6 14.
Bh4 b5 15. Ne3 Nb6 16. Rad1 Re8 17. h3 Bxe3 18. fxe3 a4 19. Bg3 Nfd7 20. Nh4 Nc5 21. Nf5 Bxf5 22. exf5 Ncd7 23. f6 Nxf6 24. Bh4 g5 25.
Bg3 Kg7 26. Rf5 Rad8 27. Rdf1 Rd6 28. h4 g4 29. h5 Nc4 30. Bh4 Rd2 31. Bxf6+ Qxf6 32. Qxg4+ 1-0

[Event "*** Titled Tuesday Blitz"]
[Site "Chess.com"]
[Date "2020.05.19"]
[Round "6"]
[White "Herracek"]
[Black "diablanni"]
[Result "0-1"]
[WhiteElo "2540"]
[BlackElo "2350"]
[TimeControl "180+1"]
[EndTime "13:08:24 PDT"]
[Termination "diablanni won by checkmate"]

1. c4 e5 2. g3 Nc6 3. Bg2 f5 4. Nc3 Nf6 5. Nd5 d6 6. d3 Be7 7. Nxe7 Qxe7 8. Nf3 O-O 9. O-O Qf7 10. Rb1 Qh5 11. e3 f4 12. exf4 Bg4 13. h3 Bxh3 14.
fxe5 Bg4 15. exf6 Rxf6 16. Bf4 Raf8 17. c5 g5 18. Qb3+ Be6 19. Qxb7 Nd8 20. Qxc7 gxf4 21. cxd6 Bd5 22. Nh4 Bxg2 23. Kxg2 fxg3 24. fxg3 Qe2+ 25.
Kh3 Rxf1 26. Rxf1 Qxf1+ 27. Kg4 Qe2+ 28. Kh3 h5 29. Qe7 Qf1+ 30. Ng2 Qh1# 0-1

[Event "*** Titled Tuesday Blitz"]
[Site "Chess.com"]
[Date "2020.05.19"]
[Round "6"]
[White "jcgs1030"]
[Black "Gandrade2"]
[Result "0-1"]
[WhiteElo "2389"]
[BlackElo "2047"]
[TimeControl "180+1"]
[EndTime "13:08:25 PDT"]
[Termination "Gandrade2 won by resignation"]

1. e4 c6 2. d4 d5 3. e5 c5 4.
dxc5 e6 5. a3 Bxc5 6. b4 Bb6 7.
Nf3 Ne7 8. Bb2 Ng6 9. Bd3 Nc6 10. O-O O-O 11. Nbd2 Nf4 12. g3 Nxd3 13. cxd3 f6 14. exf6 gxf6 15. d4 Qe8 16. Kg2 Bd7 17. Nb3 Bc7 18.
Nc5 b6 19. Nd3 Qg6 20. Rc1 Bd6 21. Nh4 Qe4+ 22. f3 Qe3 23. Re1 Qh6 24. f4 Rae8 25.
Nf2 Bxf4 26. Ng4 Qg5 27. Rc3 Bd6 28. Rf3 Kh8 29. Rfe3 e5 30. dxe5 Bxg4 31. Qxd5 Bxe5 32. Qxc6 Rc8 0-1

[Event "*** Titled Tuesday Blitz"]
[Site "Chess.com"]
[Date "2020.05.19"]
[Round "6"]
[White "GHANDEEVAM2003"]
[Black "rogapa"]
[Result "1-0"]
[WhiteElo "2910"]
[BlackElo "2692"]
[TimeControl "180+1"]
[EndTime "13:08:26 PDT"]
[Termination "GHANDEEVAM2003 won by checkmate"]

1. d4 Nf6 2. c4 g6 3. Nc3 Bg7 4. e4 O-O 5. Be2 d6 6. Bg5 c6 7. f4 Na6 8. Qd2 Nc7 9. Bf3 Ne6 10. Bh4 c5 11. dxc5 dxc5 12. Qxd8 Rxd8 13. e5 Nh5 14. Bxh5 gxh5 15. Nge2 f6 16. Nd5 Kf7 17. f5 Nd4 18. e6+ Kf8 19. Nxd4 cxd4 20. O-O-O b5 21. Rxd4 bxc4 22.
Rhd1 Bb7 23. Kc2 Rac8 24. Kc3 Bh6 25. Nxe7 Rxd4 26. Rxd4 Rc5 27. Bxf6 Ke8 28. Nc6 Rxc6 29. Rd8# 1-0

[Event "*** Titled Tuesday Blitz"]
[Site "Chess.com"]
[Date "2020.05.19"]
[Round "6"]
[White "FrogMist"]
[Black "DonPreuss"]
[Result "0-1"]
[WhiteElo "2380"]
[BlackElo "2215"]
[TimeControl "180+1"]
[EndTime "13:08:26 PDT"]
[Termination "DonPreuss won on time"]

1. d4 Nc6 2. d5 Ne5 3. e4 Ng6 4. Nf3 e5 5. h4 h5 6. Be2 d6 7. c4 Bg4 8. Ng5 Nf6 9. Qa4+ Bd7 10. Qc2 Bg4 11. Nc3 Bxe2 12. Qa4+ Nd7 13. Nxe2 Be7 14.
Ng3 Nxh4 15. Rxh4 Bxg5 16. Bxg5 Qxg5 17. Rh3 h4 18. Nf5 Qxg2 19. Rb3 Qg1+ 20. Ke2 Qxa1 21. Rxb7 O-O 22. Qxd7 Rab8 23. Ne7+ Kh7 24. Qh3 g5 25. Qf5+ Kh6 26. Qf6+ Kh5 27. Qf3+ Kh6 28. Qf6+ Kh5 0-1

[Event "*** Titled Tuesday Blitz"]
[Site "Chess.com"]
[Date "2020.05.19"]
[Round "6"]
[White "GregShahade"]
[Black "Supernotar"]
[Result "1/2-1/2"]
[WhiteElo "2511"]
[BlackElo "2667"]
[TimeControl "180+1"]
[EndTime "13:08:27 PDT"]
[Termination "Game drawn by repetition"]

1. e4 c6 2. Nc3 d5 3. Nf3 Bg4 4. h3 Bxf3 5. Qxf3 e6 6. Be2 Nf6 7. O-O dxe4 8. Nxe4 Nxe4 9. Qxe4 Nd7 10. c3 Nf6 11. Qf3 Be7 12. d4 O-O 13. Re1 a5 14. Bd3 Qb6 15. Qe2 Rfd8 16. Bf4 Rd7 17. Rad1 Rad8 18.
Bb1 Nd5 19. Be5 Bf8 20. h4 g6 21. h5 Bg7 22. Bxg7 Kxg7 23. Rd2 Qc7 24. Qf3 Qf4 25. Qxf4 Nxf4 26. hxg6 hxg6 27. g3 Nd5 28. Rde2 Rh8 29. Kg2 Kf6 30. Bc2 b5 31. Re5 Rdd8 32. Rh1 Rxh1 33.
Kxh1 Rh8+ 34. Kg2 a4 35. c4 bxc4 36. Bxa4 Ra8 37. Bxc6 Rxa2 38. Bxd5 exd5 39. Rxd5 Rxb2 40. Rc5 Rc2 41. Kf3 Ke6 42. Ke3 Kd6 43. g4 f6 44.
f3 Rc3+ 45. Ke4 Rc1 46. Ke3 Rc3+ 47. Ke4 Rc1 48. Ke3 c3 49. Kd3 Rf1 50. Ke2 Rc1 51. Kd3 Rf1 52. Ke2 Rc1 53. Kd3 1/2-1/2

[Event "*** Titled Tuesday Blitz"]
[Site "Chess.com"]
[Date "2020.05.19"]
[Round "6"]
[White "Efremov_Vlad"]
[Black "Omk124"]
[Result "0-1"]
[WhiteElo "2147"]
[BlackElo "2376"]
[TimeControl "180+1"]
[EndTime "13:08:27 PDT"]
[Termination "Omk124 won on time"]

1. d4 Nf6 2. c4 g6 3. Nc3 d5 4. Bg5 dxc4 5. e4 Bg7 6. Bxc4 c6 7.
Nge2 O-O 8. O-O Nbd7 9. e5 Nb6 10. Bb3 Nfd5 11. Nxd5 Nxd5 12. Nc3 Be6 13. Ne4 b6 14. Rc1 Qd7 15. Qf3 Rac8 16. h3 Nc7 17. Rfd1 Bxb3 18. Qxb3 Rfe8 19. Qa4 Nd5 20. Nc3 h6 21. Bh4 g5 22.
Bg3 Red8 23. Nxd5 Qxd5 24. Qc4 e6 25. Qxd5 Rxd5 26. f3 Bf8 27. Bf2 Be7 28. a3 Kf8 29. b4 Ke8 30. Rc4 Kd7 31. Rdc1 a5 32. bxa5 Rxa5 33. a4 Rd5 34. Kf1 Rc7 35. Ke2 f5 36. R1c2 h5 37. Rc1 f4 38. R1c2 Ra7 39. Rxc6 Rda5 40. Rc7+ Rxc7 0-1

[Event "*** Titled Tuesday Blitz"]
[Site "Chess.com"]
[Date "2020.05.19"]
[Round "6"]
[White "MPGM"]
[Black "MirMan90"]
[Result "0-1"]
[WhiteElo "2533"]
[BlackElo "2753"]
[TimeControl "180+1"]
[EndTime "13:08:28 PDT"]
[Termination "MirMan90 won on time"]

1. d4 Nf6 2. c4 e6 3. Nc3 Bb4 4. Bd2 O-O 5. e3 c5 6. Nf3 b6 7.
Bd3 Bb7 8. O-O cxd4 9. exd4 d5 10. cxd5 Bxc3 11. bxc3 Nxd5 12. Qe2 Nd7 13. c4 N5f6 14. Rac1 Rc8 15. h3 Qc7 16. Rfd1 Rfe8 17. Ne5 Nxe5 18. dxe5 Nd7 19. Bf4 Nc5 20. Bb1 Red8 21. Rd6 Ba6 22. Qh5 g6 23. Qh4 Nb7 24. Bg5 Nxd6 25. exd6 Qxd6 26.
Bc2 Rxc4 27. Qh6 Rdc8 28. Bf6 Qf8 29. Qd2 h5 30. Kh2 Kh7 31. g3 Bb5 32. Ba1 Qh6 33.
Bxg6+ Qxg6 34. Rxc4 Bxc4 0-1

[Event "*** Titled Tuesday Blitz"]
[Site "Chess.com"]
[Date "2020.05.19"]
[Round "6"]
[White "dbrankovic68"]
[Black "yuki_chess123"]
[Result "0-1"]
[WhiteElo "2330"]
[BlackElo "2157"]
[TimeControl "180+1"]
[EndTime "13:08:29 PDT"]
[Termination "yuki_chess123 won by checkmate"]

1. e4 g6 2. d4 Bg7 3. Nc3 c6 4. Bc4 d5 5. exd5 b5 6. Bb3 b4 7. Na4 cxd5 8. Ne2 Nf6 9. O-O O-O 10. h3 Ba6 11. Re1 Bxe2 12. Qxe2 Nc6 13. Be3 Ne4 14. Rad1 e6 15. f3 Ng3 16. Qd3 Nf5 17. Bf2 Nfxd4 18.
Nc5 Nxb3 19. axb3 Bxb2 20. f4 Bc3 21. Rf1 Qe7 22. g4 Rac8 23. f5 Ne5 24. Qb5 gxf5 25. gxf5 Qg5+ 26. Kh1 Qxf5 27. Kg2 Qf3+ 28. Kh2 Ng6 29. Bg3 Qh5 30. Nd7 Rfd8 31. Rd3 Bg7 32. Rdf3 Rxc2+ 33. Kh1 Qxh3+ 34. Kg1 Rg2# 0-1

[Event "*** Titled Tuesday Blitz"]
[Site "Chess.com"]
[Date "2020.05.19"]
[Round "6"]
[White "AnthonyWirig"]
[Black "Zhuu96"]
[Result "0-1"]
[WhiteElo "2665"]
[BlackElo "2861"]
[TimeControl "180+1"]
[EndTime "13:08:30 PDT"]
[Termination "Zhuu96 won on time"]

1. d4 Nf6 2. Bg5 c5 3. Bxf6 exf6 4. d5 f5 5. g3 g6 6. c3 Bg7 7. Bg2 d6 8. Nd2 b5 9. a4 b4 10. cxb4 cxb4 11. Qb3 O-O 12. Ngf3 Na6 13. O-O Rb8 14. Rac1 Nc5 15. Rxc5 dxc5 16. Rd1 Ba6 17. Nc4 Bxc4 18.
Qxc4 Bxb2 19. Nd2 Qd6 20. Nb3 Rfc8 21. h4 h5 22. e3 Be5 23. Bf1 Bxg3 24. fxg3 Qxg3+ 25. Bg2 Qxe3+ 26. Kh2 f4 27. Rf1 Qg3+ 28. Kg1 Re8 29.
d6 Re1 30. Nxc5 f3 31. Qc2 Re2 0-1